 Dungeon Crawl Stone Soup version 0.31-a0-263-ge8cad7f256 (webtiles) character file.

Game seed: 8466753234404666673

123 qw the Shooter (level 4, -2/37 HPs)
             Began as a Minotaur Hexslinger on July 13, 2023.
             Slain by Grinder (5 damage)
             ... while paralysed by Grinder
             ... on level 3 of the Dungeon.
             The game lasted 00:00:55 (1467 turns).

qw the Shooter (Minotaur Hexslinger)                Turns: 1467, Time: 00:00:55

Health: -2/37      AC:  5    Str: 12    XL:     4   Next: 80%
Magic:  4/4        EV:  2    Int: 10    God:
Gold:   110        SH:  0    Dex: 15    Spells: 4/5 levels left

rFire   . . .        Y - +1 sling
rCold   . . .        (no shield)
rNeg    . . .        g - +0 ring mail
rPois   .            (helmet restricted)
rElec   .            (no cloak)
rCorr   .            (no gloves)
SInv    .            (no boots)
Will    .....        (no amulet)
Stlth   +            (no ring)
HPRegen 0.26/turn    (no ring)
MPRegen 0.09/turn

%: no passive effects
@: paralysed
A: horns 2, retaliatory headbutt
a: no special abilities


You were on level 3 of the Dungeon.
You visited 1 branch of the dungeon, and saw 3 of its levels.

You collected 110 gold pieces.


Innate Abilities, Weirdness & Mutations

You have a pair of horns on your head.
You reflexively headbutt those who attack you in melee.


   Skills:
 + Level 2.3 Fighting
 - Level 5.1 Ranged Weapons
 - Level 1.0 Armour
 - Level 2.1 Dodging
 - Level 1.0 Spellcasting
 - Level 2.0 Hexes


You had 4 spell levels left.
You knew the following spells:

 Your Spells              Type           Power      Damage    Failure   Level
a - Slow                  Hex            16%        N/A       34%         1

Your spell library contained the following spells:

 Spells                   Type           Power      Damage    Failure   Level
 Inner Flame              Hex/Fire       2%         N/A       83%         3
 Portal Projectile        Hex/Tloc       4%         N/A       83%         3
 Cause Fear               Hex            2%         N/A       98%         4

Inventory:

Hand Weapons
 Y - a +1 sling (weapon)
Armour
 g - a +0 ring mail (worn)
Jewellery
 d - a ring of ice
Scrolls
 h - 2 scrolls of identify
Potions
 a - a potion of heal wounds {unknown}
 b - a potion of curing
 c - a potion of magic {unknown}
 e - a potion of resistance {unknown}

Dungeon Overview and Level Annotations

Branches:
Dungeon (3/15)

Altars:

Shops:
D:1 (   D:2 (

Annotations:
D:3 Grinder


Message History

Grinder is moderately wounded.
Grinder gestures at you. Pain shoots through your body!
You shoot a sling bullet. The sling bullet hits Grinder!
Grinder is heavily wounded.
Grinder gestures at you. You resist with significant effort.
You shoot a sling bullet.
The sling bullet hits Grinder but does no damage.
Grinder is heavily wounded.
Grinder hits you!
You writhe in agony.
You shoot a sling bullet. The sling bullet hits Grinder.
Grinder is heavily wounded.
Grinder gestures at you.
You suddenly lose the ability to move!
Grinder hits you but does no damage. Grinder hits you.
You writhe in agony.
You can move again.
You shoot a sling bullet.
The sling bullet closely misses Grinder.
Grinder gestures at you. Pain shoots through your body!
You shoot a sling bullet.
The sling bullet hits Grinder but does no damage.
Grinder is heavily wounded.
Grinder hits you.
You shoot a sling bullet. The sling bullet barely misses Grinder.
Grinder barely misses you. You furiously retaliate!
You headbutt Grinder. Grinder closely misses you.
You shoot a sling bullet. The sling bullet hits Grinder!
Grinder is severely wounded.
Grinder gestures at you. Pain shoots through your body!
You shoot a sling bullet. The sling bullet hits Grinder.
Grinder is almost dead.
Grinder gestures at you.
You suddenly lose the ability to move!
Grinder gestures at you.
You barely resist. Grinder hits you.
You writhe in agony.
You die...

#################
.................
###...|.#####... #.....#
#... # ######.....###
#... #.####>....)......#
#...
#.......##.#......###...
#......>##.#......)....#
#.....5@...#...........#
#......##..#...........#
....... ##........##....
....##. #.....#........
... #. #.#...#........
.. #. ..#.#.......... .
.. ..#.#....##.... #.
..# # .. .... ....


You could see Grinder.

Vanquished Creatures
  Ijyb (D:3)
  An adder (D:3)
  3 worms
  3 dart slugs (D:1)
  7 bats
  5 endoplasms
  4 giant cockroaches
  7 goblins
  8 hobgoblins
  9 jackals (D:1)
  4 kobolds
  A quokka (D:2)
  7 ball pythons
  4 frilled lizards
  2 rats (D:1)
66 creatures vanquished.

Notes
Turn   | Place    | Note
-------+----------+-------------------------------------------
     0 | D:1      | qw the Minotaur Hexslinger began the quest for the Orb.
     0 | D:1      | Reached XP level 1. HP: 16/16 MP: 1/1
     0 | D:1      | 0 ||| qw: Version: 0.3-a-52-g30416fa
     0 | D:1      | 0 ||| qw: Game counter: 7123
     0 | D:1      | 0 ||| qw: Melee chars always use a shield: true
     0 | D:1      | 0 ||| qw: God list: Okawaru
     0 | D:1      | 0 ||| qw: Allow faded altars: false
     0 | D:1      | 0 ||| qw: Do Orc after clearing Dungeon:15 true
     0 | D:1      | 0 ||| qw: Do second Lair branch before Depths: true
     0 | D:1      | 0 ||| qw: Lair rune preference: random
     0 | D:1      | 0 ||| qw: Goals: Normal
     0 | D:1      | 0 ||| PLANNING D:1-11
    23 | D:1      | Reached skill level 3 in Ranged Weapons
    30 | D:1      | Reached XP level 2. HP: 11/23 MP: 2/2
    95 | D:1      | 95 ||| FLEEEEING.
    96 | D:1      | 96 ||| FLEEEEING.
    97 | D:1      | 97 ||| FLEEEEING.
    99 | D:1      | 99 ||| FLEEEEING.
   132 | D:1      | 132 ||| FLEEEEING.
   232 | D:1      | Reached XP level 3. HP: 29/29 MP: 3/3
   278 | D:1      | Reached skill level 4 in Ranged Weapons
   331 | D:1      | Found Etyghyups's Weapon Emporium.
   520 | D:1      | 520 ||| UPGRADING to +0 ring mail.
   530 | D:1      | 530 ||| DROPPING +0 robe.
   531 | D:1      | 531 ||| READING 2 scrolls labelled REKOIHU TAJEHI.
   536 | D:1      | 536 ||| READING 2 scrolls labelled WIDOGA PEUBUNU.
   537 | D:1      | 537 ||| DROPPING scroll of poison.
   597 | D:2      | Found Sedwocw's Antique Weapon Emporium.
   606 | D:2      | Reached skill level 1 in Armour
   618 | D:2      | HP: 5/29 [worm (10)]
   619 | D:2      | 619 ||| READING scroll of teleportation.
   846 | D:2      | 846 ||| SHOPLISTING orcbow (105 gold, have 62).
   846 | D:2      | 846 ||| SHOPLISTING runed orcbow (195 gold, have 62).
   879 | D:2      | Reached XP level 4. HP: 36/36 MP: 4/4
  1180 | D:2      | 1180 ||| READING scroll labelled YTYX ZEPHOLAUM.
  1244 | D:2      | 1244 ||| DRINKING 2 fuming red potions.
  1353 | D:3      | Noticed Ijyb
  1365 | D:3      | Killed Ijyb
  1366 | D:3      | Reached skill level 5 in Ranged Weapons
  1451 | D:3      | Noticed Grinder
  1459 | D:3      | Paralysed by Grinder for 2 turns
  1464 | D:3      | HP: 5/37 [Grinder/nerve-wracking pain (9)]
  1465 | D:3      | Paralysed by Grinder for 5 turns
  1467 | D:3      | Slain by Grinder

Levels and vault maps discovered:
D:1:      dpeg_arrival_pond, layout_rooms, serial_shops,
          nicolae_shop_bloodbath_and_beyond, minmay_hexomino_f4
D:2:      layout_rooms, serial_shops, shop
D:3:      minmay_evil_eye, layout_basic, feat_on_display, uniq_terence,
          uniq_crazy_yiuf_cottage, uniq_grinder, uniq_sigmund, uniq_ijyb

Skill      XL: |  1  2  3  4 |
---------------+-------------+-----
Ranged Weapons | 3 4 5 |  5.1
Fighting       | 2 |  2.3
Armour         | 1 |  1.0
Dodging        | |  2.1
Spellcasting   | |  1.0
Hexes          | |  2.0

Action                     |  1- 3 |  4- 6 || total
---------------------------+-------+-------++-------
   Fire: Sling             |   173 |    75 ||   248
    Use: Scroll            |     3 |     1 ||     4
         Potion            |       |     1 ||     1
 Armour: Robe              |     8 |       ||     8
         Ring mail         |     4 |    11 ||    15
  Dodge: Dodged            |    36 |    17 ||    53

Table legend:
 A = Non-vault XP
 B = Vault XP
 C = Vault XP percentage of total XP
 D = Non-vault monster count
 E = Vault monster count
 F = Vault count percentage of total count
                 A         B        C        D         E       F
            +---------+---------+-------+---------+---------+-------
      Total |     134 |      43 |  24.3 |      61 |       5 |   7.6
            +---------+---------+-------+---------+---------+-------
        D:1 |      73 |       7 |   8.8 |      36 |       4 |  10.0
        D:2 |      30 |       0 |   0.0 |      15 |       0 |   0.0
        D:3 |      31 |      36 |  53.7 |      10 |       1 |   9.1
            +---------+---------+-------+---------+---------+-------
